 Dungeon Crawl Stone Soup version 0.17.0-27-g4a3f43e (webtiles) character file.

585 Rationalist the Shield-Bearer (level 7, -2/55 HPs)
             Began as a Formicid Fighter on Nov 21, 2015.
             Slain by an unseen horror (8 damage)
             ... on level 5 of the Dungeon.
             The game lasted 00:06:18 (4208 turns).

Rationalist the Shield-Bearer (Formicid Fighter)    Turns: 4208, Time: 00:06:19

Health: -2/55      AC:  7    Str: 25    XL:     7   Next: 64%
Magic:  7/7        EV: 15    Int:  8    God:
Gold:   100        SH: 11    Dex: 17    Spells: 0 memorised, 6 levels left

rFire  + . .     SeeInvis +     a - +0 war axe
rCold  + . .     Clarity  .     b - +0 scale mail
rNeg   . . .     SustAt   +     c - +0 shield
rPois  +         Gourm    .     (helmet unavailable)
rElec  +         Spirit   .     (no cloak)
rCorr  +         Warding  .     (no gloves)
rMut   .         Stasis   +     (no boots)
MR     .....                    (no amulet)
Stlth  +.........               m - ring of invisibility
                                h - ring of sustain attributes

@: mighty, agile, resistant, not resistant to hostile enchantments, very
unstealthy
A: permanent stasis, dig shafts and tunnels, four strong arms, antennae 3
a: Dig, Shaft Self, Evoke Invisibility


You were on level 5 of the Dungeon.
You were not hungry.

You visited 1 branch of the dungeon, and saw 4 of its levels.

You collected 166 gold pieces.
You spent 66 gold pieces at shops.

Inventory:

Hand Weapons
 a - a +0 war axe (weapon)
Missiles
 p - 44 bolts
Armour
 b - a +0 scale mail (worn)
 c - a +0 shield (worn)
Jewellery
 h - a ring of sustain attributes (left hand)
 m - a ring of invisibility (right hand)
Scrolls
 g - a scroll of torment {unknown}
 i - 2 scrolls of enchant weapon
 o - a scroll of immolation
 s - a scroll of remove curse
Potions
 f - a potion of heal wounds {unknown}
 k - a potion of resistance
 n - a potion of brilliance {unknown}
 r - a potion of lignification
Comestibles
 e - 3 bread rations
 j - a beef jerky
 q - a meat ration
 t - 10 chunks of flesh


   Skills:
 + Level 4.6 Fighting
 + Level 3.9 Axes
 + Level 5.0 Armour
 + Level 2.3 Dodging
 + Level 0.6 Stealth
 + Level 6.0 Shields


You had 6 spell levels left.
You didn't know any spells.

Dungeon Overview and Level Annotations

Branches:
Dungeon (5/15)
 Temple: D:4-7

Altars:
Fedhas
Nemelex Xobeh
The Shining One

Shops:
D:4 ?


Innate Abilities, Weirdness & Mutations

You are under a permanent stasis effect.
You can dig through walls and to a lower floor.
Your four strong arms can wield two-handed weapons with a shield.
You have a pair of large antennae on your head (SInv).


Message History

You closely miss the unseen horror.
The unseen horror is moderately wounded.
The unseen horror hits you.
* * * LOW HITPOINT WARNING * * *
You block the unseen horror's attack.
Drink which item? (? for menu, Esc to quit)
You feel agile all of a sudden. You block the unseen horror's attack.
Drink which item? (? for menu, Esc to quit)
You feel protected. You block the unseen horror's attack.
You closely miss the unseen horror.
The unseen horror is moderately wounded.
The unseen horror barely misses you. The unseen horror hits you!
* * * LOW HITPOINT WARNING * * *
You block the unseen horror's attack. The unseen horror barely misses you.
The unseen horror hits you!
You die...

#...### #..# #.....#
##.# ##....# #.##
#....# #..# #....#
##.# #....# #.#
#..†.# ###'# #..x.#
#.... #..@.#######
#.).. #.%.........
#....
###.........#######.
#.........#.......
###########.......
#....... #.......
########


You could see an unseen horror (invisible).

Vanquished Creatures
  A phantom (D:5)
  A giant frog (D:5)
  A crimson imp (D:4)
  3 hounds
  A giant frog zombie (D:5)
  An orc wizard (D:5)
  An orc priest (D:5)
  An iguana (D:5)
  3 worker ants (D:5)
  3 adders
  5 giant geckos
  7 orcs
  6 bats
  8 goblins
  5 hobgoblins
  8 jackals
  4 kobolds
  2 quokkas
  6 giant cockroaches
  3 giant gecko skeletons (D:4)
  4 giant newts
  A quokka skeleton (D:4)
  4 rats (D:2)
79 creatures vanquished.

Notes
Turn   | Place    | Note
--------------------------------------------------------------
     0 | D:1      | Rationalist the Formicid Fighter began the quest for the Orb.
     0 | D:1      | Reached XP level 1. HP: 18/18 MP: 1/1
   312 | D:1      | Reached XP level 2. HP: 24/24 MP: 2/2
   502 | D:1      | Reached skill level 4 in Shields
  1011 | D:2      | Reached XP level 3. HP: 29/29 MP: 3/3
  1593 | D:2      | Reached XP level 4. HP: 35/35 MP: 4/4
  1869 | D:2      | Found a blossoming altar of Fedhas.
  1869 | D:2      | Found a sparkling altar of Nemelex Xobeh.
  1870 | D:2      | Found a glowing golden altar of the Shining One.
  1940 | D:2      | You fall through a shaft for 2 floors!
  2005 | D:4      | Reached skill level 1 in Dodging
  2061 | D:4      | Reached XP level 5. HP: 32/42 MP: 5/5
  2472 | D:4      | Found Bosene Noyd's Magic Scroll Shop.
  2480 | D:4      | Bought a scroll of identify for 22 gold pieces
  2480 | D:4      | Bought a scroll of identify for 22 gold pieces
  2480 | D:4      | Bought a scroll of identify for 22 gold pieces
  2827 | D:5      | Entered Level 5 of the Dungeon
  2838 | D:5      | Reached skill level 5 in Shields
  2842 | D:5      | Reached XP level 6. HP: 27/48 MP: 6/6
  3165 | D:5      | Noticed a phantom
  3194 | D:5      | Killed a phantom
  3194 | D:5      | Reached XP level 7. HP: 6/55 MP: 7/7
  4043 | D:5      | Reached skill level 5 in Armour
  4095 | D:5      | Reached skill level 6 in Shields
  4184 | D:5      | Noticed an unseen horror
  4208 | D:5      | Slain by an unseen horror

Action                   |  1- 3 |  4- 6 |  7- 9 || total
-------------------------+-------+-------+-------++-------
Melee: War axe           |   124 |   153 |    73 ||   350
 Abil: Dig               |     1 |       |       ||     1
  Use: Scroll            |     2 |     8 |       ||    10
       Potion            |       |     1 |     3 ||     4
  Eat: Chunk             |     2 |     6 |     3 ||    11
